 Seeded DCSS version 0.31-a0-771-g505c3d19dc (webtiles) character file.

Game seed: 5 (custom seed)

24 Psyclone the Stinger (level 3, 21/21 HPs)
             Began as an Octopode Venom Mage on Sept 17, 2023.
             Was an Initiate of Gozag.
             Quit the game on level 1 of the Dungeon.
             The game lasted 00:02:56 (1328 turns).

Psyclone the Stinger (Octopode Venom Mage)          Turns: 1328, Time: 00:02:56

Health: 21/21      AC:  1    Str:  7    XL:     3   Next: 2%
Magic:  6/6        EV: 13    Int: 19    God:    Gozag
Gold:   68         SH:  0    Dex: 12    Spells: 3/6 levels left

rFire   . . .        a - +0 dagger
rCold   . . .        (no shield)
rNeg    + . .        (helmet restricted)
rPois   .            (no amulet)
rElec   .            d - ring of resist corrosion
rCorr   +            g - ring of positive energy
SInv    .            (no ring)
Will    .....        (no ring)
Stlth   +++          (no ring)
HPRegen 0.23/turn    (no ring)
MPRegen 0.10/turn    (no ring)
                     (no ring)

%: no passive effects
@: no status effects
A: almost no armour, amphibious, 8 rings, camouflage 1, gelatinous body 1,
(nimble swimmer 1), tentacles, screaming 1
a: Renounce Religion, Potion Petition, Call Merchant, Bribe Branch


You were on level 1 of the Dungeon.
You worshipped Gozag.
Gozag was noncommittal.
You visited 1 branch of the dungeon, and saw 2 of its levels.

You collected 84 gold pieces.
You paid 16 gold pieces to Gozag.

Inventory:

Hand Weapons
 a - a +0 dagger (weapon)
Jewellery
 d - a ring of resist corrosion (left tentacle)
 g - a ring of positive energy (right tentacle)
Scrolls
 h - a scroll of identify {@r1}
Potions
 b - a potion of lignification
 c - a potion of haste {unknown}
 e - a potion of magic
 f - a potion of cancellation {unknown}


   Skills:
 - Level 2.0 Dodging
 - Level 2.6 Stealth
 - Level 2.0 Spellcasting
 - Level 1.0 Transmutations
 + Level 5.0 Poison Magic


You had 3 spell levels left.
You knew the following spells:

 Your Spells              Type           Power      Damage    Failure   Level
a - Poisonous Vapours     Pois/Air       22%        N/A       9%          2
b - Sting                 Tmut/Pois      52%        1d5       4%          1

Your spell library contained the following spells:

 Spells                   Type           Power      Damage    Failure   Level
 Mephitic Cloud           Conj/Pois/Air  8%         N/A       26%         3
 Olgreb's Toxic Radiance  Pois           20%        N/A       22%         4


Dungeon Overview and Level Annotations

Branches:
Dungeon (2/15) Zot: 10673

Altars:
Gozag


Innate Abilities, Weirdness & Mutations

You cannot wear most types of armour.
You are amphibious.
You can wear up to eight rings at the same time.
Your skin changes colour to match your surroundings (Stealth+).
Your rubbery body absorbs attacks. (AC +1, EV +1)
((You are camouflaged when in or above water. (Stealth+)))
You have tentacles for arms and can constrict up to eight enemies at once.
You occasionally shout uncontrollably at your foes.


Message History

g - a ring of positive energy (right tentacle)
You can't see any susceptible monsters within range! (Use Z to cast anyway.)
You now have 54 gold pieces (gained 16).
Found a stone staircase leading down.
Found an escape hatch in the floor.
A ball python comes into view.
Found a leather armour.
Found a scroll of identify.
The helpless ball python fails to defend itself.
You hit the ball python.
You kill the ball python!
You now have 61 gold pieces (gained 7).
h - a scroll of identify {@r1}
Found a robe.
An endoplasm comes into view.
You see here a +0 robe.
The helpless endoplasm fails to defend itself.
You hit the endoplasm.
You kill the endoplasm!
Your Poison Magic skill increases to level 5!
You have reached level 3!
Your experience leads to an increase in your attributes!
Increase (S)trength, (I)ntelligence, or (D)exterity?
You feel clever. x2
Health restored: 21; MP restored: 6 You now have 68 gold pieces (gained 7).
You see here a +0 robe.
You open the door.
Found a flail.
There is an open door here.
Found a hand axe.
You see here a +0 hand axe.
There is a stone staircase leading down here.
Done exploring.
Done exploring.
There is a stone staircase leading up here.
You climb upwards.
There is a stone staircase leading down here.
There is a stone staircase leading down here.
Are you sure you want to abandon this character and quit the game? (Confirm with "yes".)

......### #.###...≈§§..§≈....#
#.......# #.###.#.≈≈≈≈≈≈≈.#..#
#.....#.####.#.).#......§..#..#
#.....#...##.#.#.............##
#.....###..#.#.###.....#######
#.....# ##.......#..#..#.....#
...#### ##....#.#.....#.###.#
...# ###........#...# #.# ...#
#.#.@.##.#######.# ...#
#.#.####.#.#.....# ...########
#.#....#.#....#### ..........#
#.####.#.#....# ##........###.#
#.#......#
#............####.####...#
#........#.........#####)####
#####...##.####....#.#.#....#
#.####.# #.....#.#.....#


There were no monsters in sight!

Vanquished Creatures
  A ball python (D:2)
  5 bats (D:1)
  2 endoplasms
  4 goblins (D:1)
  3 hobgoblins (D:1)
  A quokka (D:2)
  A frilled lizard (D:1)
  3 kobolds (D:1)
  A rat (D:1)
21 creatures vanquished.

Notes
Turn   | Place    | Note
-------+----------+-------------------------------------------
     0 | D:1      | Psyclone the Octopode Venom Mage began the quest for the
                  | Orb.
     0 | D:1      | Reached XP level 1. HP: 11/11 MP: 3/3
   104 | D:1      | Reached skill level 4 in Poison Magic
   177 | D:1      | Reached XP level 2. HP: 7/17 MP: 3/5
   437 | D:1      | Learned a level 2 spell: Poisonous Vapours
   777 | D:1      | Gained mutation: You occasionally shout uncontrollably at
                  | your foes. [potion of mutation]
   838 | D:2      | Found an opulent altar of Gozag.
   843 | D:2      | Became a worshipper of Gozag Ym Sagoz the Greedy
  1113 | D:2      | Reached skill level 5 in Poison Magic
  1113 | D:2      | Reached XP level 3. HP: 21/21 MP: 6/6
  1328 | D:1      | Quit the game

Illustrated notes

Levels and vault maps discovered:
D:1:      ebering_hopf_link, layout_basic, nicolae_twisty_statue_hallways
D:2:      layout_rooms, basic_altar, eino_tiny_chamber, serial_park_tiny_2

Skill      XL: |  1  2 |
---------------+-------+-----
Poison Magic   | 4 5 |  5.0
Dodging        | |  2.0
Stealth        | |  2.6
Spellcasting   | |  2.0
Transmutations | |  1.0

Action                     || total
---------------------------++-------
  Melee: Dagger            ||    26
         Unarmed           ||     4
         Constrict         ||     8
         Tentacles         ||     3
   Cast: Sting             ||    11
         Poisonous Vapours ||     2
    Use: Potion            ||     3
         Scroll            ||     1
   Stab: Sleeping          ||     9
 Armour: Skin              ||    12
  Dodge: Dodged            ||    18

Table legend: (Time is in decaauts)
 A = Elapsed time spent in this place.
 B = Non-inter-level travel time spent in this place.
 C = Inter-level travel time spent in this place.
 D = Time resting spent in this place.
 E = Time spent auto-exploring this place.
 F = Levels seen in this place.
 G = Mean time per level.
                   A        B        C        D        E       F      G
               +--------+--------+--------+--------+--------+-----+--------+
         Total |   1326 |   1206 |    120 |      0 |   1040 |   2 |  663.0 |
       Dungeon |   1326 |   1206 |    120 |      0 |   1040 |   2 |  663.0 |
               +--------+--------+--------+--------+--------+-----+--------+

Top non-repeatable levels by time:
     D:1: 822 daAuts
     D:2: 504 daAuts
